[Event "*** Titled Tuesday Blitz"]
[Site "Chess.com"]
[Date "2019.06.04"]
[Round "2"]
[White "Karacsonyi_Gellert"]
[Black "bugsbunny444"]
[Result "1/2-1/2"]
[WhiteElo "2535"]
[BlackElo "2503"]
[TimeControl "180+2"]
[EndTime "13:25:43 PDT"]
[Termination "Game drawn by agreement"]

1. e4 e6 2. d4 d5 3. e5 c5 4. c3 Nc6 5. Nf3 Qb6 6. a3 f6 7.
Be2 fxe5 8. Nxe5 Nf6 9. O-O Bd6 10. Bf4 O-O 11. dxc5 Bxc5 12. Nd3 Be7 13. Nd2 Bd7 14.
Nf3 Rae8 15. Qd2 Ne4 16. Qe3 Qd8 17. Nd2 e5 18. Nxe5 Bc5 19. Qd3 Rxf4 20. Qxd5+ Be6 21.
Qxd8 Rxd8 22. Nd3 Rxd3 23. Nxe4 Rd5 24. c4 Re5 25. Nc3 Nd4 26. Bd3 Bf5 27. Rad1 Bxd3 28.
Rxd3 Ne2+ 29. Nxe2 Rxe2 30. Rd8+ Rf8 31. Rxf8+ Kxf8 32. b4 Bd4 33. Rd1 Bxf2+ 34. Kf1 Ra2 35. Rd7 Bh4 36. g3 Bf6 37. Rxb7 Rxa3 38. c5 a6 39. c6 Be5 40. c7 Bxc7 41. Rxc7 Rb3 42. Rb7 a5 43. b5 a4 44. Ra7 Rxb5 45. Rxa4 Rb2 46. h3 Kf7 47. Rf4+ Kg6 48. Rf2 Rxf2+ 49.
Kxf2 Kf5 50. Kf3 h5 51. g4+ hxg4+ 52. hxg4+ Ke5 53. g5 Kf5 54. g6 Kxg6 55. Kg4 Kh6 56. Kh4 Kg6 57. Kg4 Kf6 58. Kf4 Ke6 59. Kg5 Kf7 60. Kf5 Ke7 61. Kg6 Kf8 62. Kg5 Kf7 63. Kf5 g6+ 64. Kg5 Kg7 1/2-1/2

[Event "*** Titled Tuesday Blitz"]
[Site "Chess.com"]
[Date "2019.06.04"]
[Round "2"]
[White "TristanCalistri"]
[Black "AsaHoffmann"]
[Result "1-0"]
[WhiteElo "2244"]
[BlackElo "2178"]
[TimeControl "180+2"]
[EndTime "13:25:46 PDT"]
[Termination "TristanCalistri won on time"]

1. e4 e5 2. Nf3 Nc6 3. Bc4 Nf6 4. d3 Bc5 5. c3 Bb6 6. Bb3 d6 7. Nbd2 O-O 8. Nc4 Be6 9. a4 h6 10. O-O d5 11. exd5 Bxd5 12. Ncxe5 Re8 13. d4 Nxe5 14.
Nxe5 c5 15. a5 Bc7 16. Bxd5 Qxd5 17. Nf3 Rad8 18. Qc2 cxd4 19. Nxd4 Bxa5 20. Bf4 Bb6 21. Rad1 Qe4 22. Qc1 Bxd4 23. cxd4 Rxd4 24. Rxd4 Qxd4 25. Be3 Qa4 26. Qc7 b6 27. h3 Qd7 28. Qc4 Qd5 29. Qh4 Re4 30. Qg3 Qe5 31. Qf3 Nd5 32. Bc1 Re1 33. Qd3 Rxf1+ 34. Qxf1 Qd4 35. Qe2 Kh7 36. Kh2 f6 37. g3 a5 38. Qc2+ g6 39. Kg2 f5 40. Qc8 Qe4+ 41. Kh2 Qe7 42. Qc6 Qf7 43.
Bd2 g5 44. Qd6 f4 45. g4 Nf6 46. Bc3 Ne4 47. Qd3 Qe6 48. Kg2 Kg8 49. Bd4 Nc5 50. Qd2 Qe4+ 51. f3 Qd3 52. Qf2 Nb3 53. Bc3 Nc1 54.
Qxb6 Qe2+ 55. Qf2 Qxf2+ 56. Kxf2 a4 57. Ke1 Nd3+ 58. Ke2 Nc5 59. Bb4 Nb3 60. Kd3 Kf7 61. Kc4 Ke6 62. Bc3 1-0

[Event "*** Titled Tuesday Blitz"]
[Site "Chess.com"]
[Date "2019.06.04"]
[Round "2"]
[White "Cryptochess"]
[Black "penguingm1"]
[Result "0-1"]
[WhiteElo "2649"]
[BlackElo "2922"]
[TimeControl "180+2"]
[EndTime "13:25:52 PDT"]
[Termination "penguingm1 won by resignation"]

1. e4 e5 2. Nf3 Nc6 3. Bc4 Bc5 4. c3 Nf6 5. d3 a6 6. Bb3 Ba7 7. O-O O-O 8. Nbd2 d6 9. Re1 Ng4 10. Re2 Kh8 11. h3 Nh6 12. g4 Ne7 13. Nf1 Ng6 14.
d4 Qe7 15. Ng3 Nh4 16. Re3 Nxg4 17. Nxh4 Nxe3 18. Qh5 exd4 19. cxd4 g6 20. Qh6 Bxd4 21. Bxe3 Bg7 22. Qf4 Bxb2 23. Rd1 Be5 24. Qh6 Bg7 25.
Bd4 Bxd4 26. Rxd4 Bxh3 27. Nf3 Bd7 28. e5 f6 29. exd6 cxd6 30. Nh4 Qg7 31. Qd2 Bc6 32. Rxd6 Rae8 33. Bd5 Qe7 34. Bxc6 Qe1+ 35. Qxe1 Rxe1+ 36. Kg2 bxc6 37. Rxc6 a5 38. Ra6 Re5 39. Nf3 Rd5 40.
Ne4 Kg7 41. Nc3 Rc5 42. Ne4 Rd5 43. a4 Re8 44. Nc3 Rd3 45. Nb5 Re4 46. Ra7+ Kh6 47. Nh2 Rxa4 48. f3 f5 49. Nf1 Rb4 50. Nc7 a4 51. Ne6 a3 52. Nf8 Rb2+ 53. Kg3 a2 54. Rxh7+ Kg5 55. Ra7 Kf6 56. Nh7+ Ke6 57. Ng5+ Kd6 58.
Kf4 Rd1 59. Ne3 a1=Q 60. Rxa1 Rb4+ 61. Kg3 Rxa1 62. Nc2 Rg1+ 63. Kf2 Rb2 64. Kxg1 Rxc2 65. Kf1 Ke5 66. Nh3 Kd4 67. Nf4 Ke3 68. Nxg6 Kxf3 69. Ne5+ Kg3 70. Ke1 f4 71. Nd3 f3 72. Kd1 Re2 73. Nc1 Re8 74. Nd3 f2 0-1

[Event "*** Titled Tuesday Blitz"]
[Site "Chess.com"]
[Date "2019.06.04"]
[Round "2"]
[White "LoinOfTheNorth"]
[Black "Drags95"]
[Result "0-1"]
[WhiteElo "2675"]
[BlackElo "2802"]
[TimeControl "180+2"]
[EndTime "13:26:08 PDT"]
[Termination "Drags95 won by resignation"]

1. d4 Nf6 2. c4 e6 3. Nf3 d5 4. g3 Bb4+ 5. Nbd2 dxc4 6. Bg2 b5 7. O-O a5 8. a4 c6 9. Ne5 Ra6 10. Ndf3 O-O 11. Bg5 h6 12. Bxf6 Qxf6 13. b3 c3 14. Qd3 Rb6 15. Qe3 Nd7 16. d5 c5 17. Ng4 Qf5 18. Nfe5 Nxe5 19. Nxe5 exd5 20. Bxd5 Be6 21.
Be4 Qf6 22. axb5 Rxb5 23. Bd3 Rbb8 24. Qe4 g6 25. f4 Rfe8 26. Qc6 Kg7 27. Bc2 Rbd8 28.
Qf3 Rd2 29. Rfc1 Bd5 30. Be4 Bxb3 31. Rxc3 Bxc3 32. Qxc3 Rxe2 33. Bf3 R2xe5 34. fxe5 Qxe5 35. Qxe5+ Rxe5 36. Rxa5 Kf6 37. Ra6+ Be6 38. Rc6 Re3 39. Kf2 Rc3 40. Bd5 Ke5 41. Bxe6 fxe6 42. Rc8 c4 43. Rg8 g5 44. Rg6 Rd3 45. Rxh6 c3 46.
Rh8 Rd2+ 47. Ke3 Rg2 48. Rc8 c2 49. h4 Rxg3+ 50. Kf2 gxh4 51. Rxc2 Rg4 52. Rc8 Rf4+ 53. Ke3 Ra4 54. Rc5+ Kd6 55. Rh5 e5 56. Rh8 Kd5 57. Rd8+ Ke6 58. Re8+ Kf5 59. Rf8+ Kg4 60. Re8 e4 61. Rg8+ Kh3 62. Rg7 Kh2 63. Rg4 h3 64.
Rg8 Kh1 65. Rg7 h2 66. Rg8 Ra2 67. Kxe4 Rg2 68. Ra8 Rg3 69. Kf4 Kg2 70. Ra2+ Kh3 71. Ra8 Rg1 72. Rh8+ Kg2 73. Rg8+ Kf2 74. Rh8 h1=Q 75. Rxh1 0-1

[Event "*** Titled Tuesday Blitz"]
[Site "Chess.com"]
[Date "2019.06.04"]
[Round "2"]
[White "Torrentec"]
[Black "vladimirdamjanovic"]
[Result "1-0"]
[WhiteElo "2422"]
[BlackElo "2492"]
[TimeControl "180+2"]
[EndTime "13:26:14 PDT"]
[Termination "Torrentec won on time"]

1. e4 c5 2. Nf3 d6 3. Bb5+ Bd7 4.
Bxd7+ Qxd7 5. O-O g5 6. Nxg5 Nf6 7. Qf3 Nc6 8. c3 Rg8 9. d3 Ne5 10. Qf5 Qxf5 11. exf5 Nxd3 12. Be3 Nxb2 13. Nd2 Na4 14. Rfc1 Bg7 15. Rab1 b6 16. c4 Ng4 17. Nge4 Nxe3 18. fxe3 Bh6 19. Kf2 O-O-O 20. Rb3 a6 21. Ra3 b5 22. cxb5 axb5 23. Rb1 Kc7 24. Rxb5 Ra8 25.
Nc4 Nb6 26. Rxa8 Nxa8 27. f6 Bf8 28. Nc3 e6 29. a4 Rg6 30. Ra5 Rxf6+ 31. Ke2 Nb6 32.
Nb5+ Kc6 33. Ra6 Kd5 34. Nxb6+ Ke4 35. Nc3+ Kf5 36. Nc4 d5 37. Nd6+ Bxd6 38. Rxd6 Rh6 39. h3 Rg6 40. g4+ Ke5 41. Rd7 f5 42. gxf5 Kxf5 43.
Rxh7 Rg2+ 44. Kf3 Rc2 45. Ne2 Ra2 46. Ra7 e5 47. Ng3+ Ke6 48. h4 e4+ 49. Kg4 c4 50. h5 c3 51. Rc7 c2 52. h6 Kd6 53. Rc3 Rxa4 54. Rxc2 Ra8 55. Rh2 Ke5 56. h7 Rh8 57. Nf5 Kf6 58. Kf4 Kg6 59. Ne7+ Kf7 60. Nxd5 Kg7 61.
Kxe4 Re8+ 62. Kf5 Kh8 63. e4 Rf8+ 64. Nf6 Rxf6+ 65. Ke5 Rf7 66. Kd6 Rf8 67. e5 Rd8+ 68. Ke7 Rd5 69. e6 Rd1 70. Ke8 Rd3 71. e7 Rf3 72.
Rd2 Kxh7 73. Kd8 1-0

[Event "*** Titled Tuesday Blitz"]
[Site "Chess.com"]
[Date "2019.06.04"]
[Round "2"]
[White "dcremisi"]
[Black "GremioPrudente"]
[Result "1-0"]
[WhiteElo "2248"]
[BlackElo "2116"]
[TimeControl "180+2"]
[EndTime "13:26:23 PDT"]
[Termination "dcremisi won on time"]

1. d4 d5 2. c4 c6 3. Nf3 e6 4. Qc2 Nf6 5. b3 Nbd7 6. Nbd2 Bd6 7. e3 O-O 8. Bd3 Qe7 9. O-O e5 10. cxd5 cxd5 11. dxe5 Nxe5 12. Bb2 h6 13. Nxe5 Bxe5 14. Bxe5 Qxe5 15. Nf3 Qh5 16. Rac1 Bg4 17. Nd4 Rac8 18. Qd2 Rxc1 19. Rxc1 Be6 20. Qa5 Ng4 21. h3 Ne5 22.
Bf1 a6 23. Qc7 Rc8 24. Qxc8+ Bxc8 25. Rxc8+ Kh7 26. f4 Nc6 27. Bd3+ g6 28. Nf3 d4 29. Rc7 Kg7 30. Bc4 Nd8 31. Nxd4 Qd1+ 32. Kh2 b5 33. Rd7 Qe1 34. Be2 Nc6 35. Nxc6 Qxe2 36. Ne5 Qxe3 37. Rxf7+ Kg8 38. Rf6 g5 39. Ng4 Qd2 40. Nxh6+ Kg7 41. fxg5 Qxg5 42. Ng4 Qd2 43. Rf2 Qd6+ 44. g3 Qd4 45.
Kg2 Qd5+ 46. Rf3 Qd2+ 47. Rf2 Qd5+ 48. Kh2 Qd4 49. Re2 Qd3 50. Re7+ Kf8 51. Rf7+ Kg8 52. Rf2 Qd4 53. Rg2 a5 54. Nf2 a4 55. bxa4 bxa4 56.
h4 Qc4 57. Nh3 a3 58. g4 Qc7+ 59. Kg1 Qc1+ 60. Kf2 Qc2+ 61. Kg3 Qc7+ 62. Nf4 Qc3+ 63. Kh2 Qf3 64. Nh3 Qc3 65. g5 Qc7+ 66. Kg1 Qc1+ 67. Kf2 Qc2+ 68. Kg3 Qc7+ 69. Nf4 Qc3+ 70.
Kg4 Qb2 71. h5 Qd4 72. Re2 Qd7+ 73. Re6 Qd1+ 74. Kf5 Qb1+ 75. Kf6 Qb2+ 76. Re5 Qxa2 77. Re8+ Kh7 78. g6+ 1-0

[Event "*** Titled Tuesday Blitz"]
[Site "Chess.com"]
[Date "2019.06.04"]
[Round "2"]
[White "26andrej26"]
[Black "enriquetejedor"]
[Result "0-1"]
[WhiteElo "2520"]
[BlackElo "2547"]
[TimeControl "180+2"]
[EndTime "13:26:25 PDT"]
[Termination "enriquetejedor won by resignation"]

1. e4 c5 2. Nf3 e6 3. d4 cxd4 4.
Nxd4 a6 5. Nc3 Qc7 6. Bd3 b5 7. O-O Bb7 8. Qe2 Nc6 9. Nxc6 dxc6 10.
a4 Nf6 11. f4 e5 12. Kh1 Bd6 13. f5 b4 14. Nb1 a5 15. Nd2 h5 16. Nc4 Be7 17. Be3 Nd7 18. Qf2 c5 19. b3 Nf6 20.
Qe2 Nxe4 21. Bxe4 Bxe4 22. Bg1 Qb7 23. Rae1 Bd5 24. Nxe5 O-O 25. Nd3 Rae8 26. Nf4 Bg5 27. Qxe8 Rxe8 28. Rxe8+ Kh7 29. Nxd5 Qxd5 30. Ree1 Qd2 31.
Rc1 Qc3 32. Rcd1 Qxc2 33. h4 Bxh4 34. f6 Bxf6 35. Rd5 Qxb3 36. Rxh5+ Kg6 37. Rxc5 Qxa4 38. Rff5 Qd7 39. Rfd5 Qg4 40. Rxa5 b3 41. Rab5 b2 42. Rd3 Qh4+ 43. Rh3 Qe4 44. Rhb3 Qe1 45. Rxb2 Qh4+ 46. Bh2 Qe1+ 47. Bg1 Bxb2 48. Rxb2 Qh4+ 49. Bh2 f6 50. Rb1 Qe4 51. Rf1 Kh5 52. Kg1 Qd4+ 53. Kh1 g5 54.
Bg3 Kg6 55. Bf2 Qd8 56. Kg1 f5 57. Re1 Qd6 58. Rb1 Qd3 59. Re1 f4 60. Ra1 g4 61.
Rf1 Qd2 62. Bh4 g3 63. Kh1 Qd4 64. Bxg3 fxg3 65. Re1 Qh8+ 66. Kg1 Qh2+ 67. Kf1 Qh1+ 68. Ke2 Qxg2+ 69. Kd3 Qf3+ 70. Re3 Qd1+ 71. Ke4 Qh1+ 72.
Kf4 g2 73. Rg3+ Kf6 0-1

[Event "*** Titled Tuesday Blitz"]
[Site "Chess.com"]
[Date "2019.06.04"]
[Round "2"]
[White "Anaiy"]
[Black "ZaphenathPaneah"]
[Result "1-0"]
[WhiteElo "1996"]
[BlackElo "1694"]
[TimeControl "180+2"]
[EndTime "13:26:25 PDT"]
[Termination "Anaiy won by resignation"]

1. d4 Nf6 2. c4 e6 3. Nc3 Bb4 4.
e3 O-O 5. Bd3 d5 6. Ne2 b6 7. a3 Be7 8. O-O Bb7 9. cxd5 exd5 10.
Nf4 Nbd7 11. Qc2 c5 12. dxc5 bxc5 13. Be2 d4 14. exd4 cxd4 15. Nb5 Qb6 16. Bd3 Rac8 17. Qa4 Nc5 18. Qxa7 Qc6 19. Nxd4 Qd7 20. Bf5 Qxd4 21.
Bxc8 Rxc8 22. Be3 Qe4 23. b4 g5 24. Bxc5 gxf4 25. f3 Bxc5+ 26. Qxc5 Qe3+ 27. Qxe3 fxe3 28. Rfe1 Rc3 29. a4 Nd5 30. b5 Nb4 31. Rad1 Ra3 32. Rd8+ Kg7 33. Rd7 Nc2 34. Rc1 e2 35. Rxb7 Re3 36.
Kf2 e1=Q+ 37. Rxe1 Rxe1 38. a5 Ra1 39. a6 Nb4 40. a7 Nd5 41. b6 Ra2+ 42. Kg3 Nxb6 43. Rxb6 Rxa7 44. Kg4 Ra4+ 45. f4 Ra2 46. Kh3 f6 47. g3 Kg6 48. Rb5 h5 49. Rc5 Rd2 50. Rb5 Rc2 51. Ra5 Rd2 52. Ra8 Rc2 53. Rg8+ Kh6 54. f5 Rf2 55. Rg6+ Kh7 56. Rxf6 Kg7 57. Rg6+ Kh7 58. Rg5 Kh6 59. Rg8 Rxf5 60. Rh8+ Kg6 61. Kg2 Ra5 62. Rb8 Kg5 63. h4+ Kg6 64. Kf3 Ra3+ 65.
Kf4 Ra4+ 66. Kf3 Ra3+ 67. Kg2 Ra2+ 68. Kh3 Ra3 69. Rb6+ Kg7 70. Rb5 Kg6 71. Rg5+ Kh6 72. Kg2 Rb3 73. Re5 Kg6 74. Kh3 Ra3 75. Kg2 Rb3 76.
Kf2 Ra3 77. Re3 Rxe3 78. Kxe3 Kf5 79. Kf3 Kg6 80. Ke4 Kf6 81. Kf4 Kg6 82. Ke5 Kg7 83.
Kf5 Kh6 84. Kf6 1-0

[Event "*** Titled Tuesday Blitz"]
[Site "Chess.com"]
[Date "2019.06.04"]
[Round "2"]
[White "pultineviciuspaulius"]
[Black "grzechu96"]
[Result "1-0"]
[WhiteElo "2723"]
[BlackElo "2554"]
[TimeControl "180+2"]
[EndTime "13:26:28 PDT"]
[Termination "pultineviciuspaulius won by resignation"]

1. b3 Nf6 2. Bb2 d5 3. Nf3 Nbd7 4. e3 g6 5. c4 dxc4 6. bxc4 c5 7. Nc3 Bg7 8. Be2 O-O 9. O-O b6 10. d4 cxd4 11.
exd4 Bb7 12. d5 Rc8 13. Nd4 Ne5 14. Qb3 Ne8 15. Ncb5 a6 16. Na7 Rc5 17. f4 Nxc4 18.
Nac6 Bxc6 19. Nxc6 Rxc6 20. Bxg7 Qxd5 21. Bxf8 Kxf8 22.
Qc3 Kg8 23. Bf3 Qc5+ 24. Kh1 Rd6 25. Rac1 b5 26. Rfe1 e6 27. a4 Qd4 28. Qb4 Qxf4 29. axb5 axb5 30. Qxb5 Rd4 31. Qxe8+ Kg7 32. Rf1 Nd2 33.
Be2 Nxf1 34. Rxf1 Qc7 35. Qb5 Rh4 36. h3 Rf4 37. Qb2+ Kg8 38. Ra1 Qd8 39. Bf3 Rc4 40. Qb7 Rc8 41. Kh2 Qd6+ 42. Kh1 Rf8 43. Qe4 Kg7 44. Rd1 Qe7 45. Qe5+ Qf6 46. Qe3 h5 47. Rf1 Qb2 48. Rf2 Qa1+ 49. Kh2 Re8 50. Qg5 Kh7 51. Bxh5 Qg7 52. Bg4 e5 53. Qh4+ Kg8 54.
Qf6 Qxf6 55. Rxf6 Kg7 56. Rf1 Re7 57. Be2 Re8 58. g4 f5 59. gxf5 gxf5 60. Rxf5 Kg6 61. Rf1 Re7 62. Kg3 Rc7 63. Bd3+ Kg7 64. Kg4 Rd7 65. Bf5 Rd4+ 66. Kg5 Rf4 67. Re1 Rf2 68. Rxe5 Rg2+ 69. Bg4 Rd2 70. Re7+ Kf8 71. Ra7 Rf2 72. Bf5 Rg2+ 73. Kf6 Re2 74. Ra8+ Re8 75. Rxe8+ Kxe8 76. Kg7 Ke7 77. h4 1-0

[Event "*** Titled Tuesday Blitz"]
[Site "Chess.com"]
[Date "2019.06.04"]
[Round "2"]
[White "BilodeauA"]
[Black "Koksik_13"]
[Result "0-1"]
[WhiteElo "2926"]
[BlackElo "2643"]
[TimeControl "180+2"]
[EndTime "13:26:29 PDT"]
[Termination "Koksik_13 won by resignation"]

1. e4 e6 2. d4 d5 3. e5 c5 4. c3 Qb6 5. Nf3 Nc6 6. a3 Nh6 7.
Bd3 cxd4 8. O-O Bd7 9. b4 dxc3 10. Nxc3 Rc8 11. Bb2 Nd4 12. Rc1 Nxf3+ 13. Qxf3 Be7 14.
Ne2 O-O 15. Bd4 Qd8 16. Ng3 f5 17. exf6 Bxf6 18. Bxf6 Qxf6 19. Qe3 Ng4 20. Qd2 Rxc1 21. Qxc1 Qd4 22. Qc2 Kh8 23. h3 Nf6 24. Rd1 Qf4 25. Qe2 e5 26. Bb1 e4 27. Nf1 Qg5 28. Qe3 Qg6 29.
Ba2 Be6 30. Rd4 h6 31. Bb3 Nh5 32. Bd1 Nf4 33. Ng3 Qg5 34. Rd2 Rc8 35. Rc2 Rxc2 36. Bxc2 h5 37. h4 Qxh4 38. Qxa7 Qg5 39. Qe3 h4 40.
Kf1 hxg3 41. fxg3 Nh3 42. Ke2 Qxe3+ 43. Kxe3 Ng5 44. Kd4 Kg8 45. b5 Kf7 46. a4 b6 47.
a5 bxa5 48. b6 Bc8 49. Bb3 Bb7 50. Bxd5+ Bxd5 51. Kxd5 e3 52. b7 e2 53. b8=Q e1=Q 54.
Qa7+ Qe7 55. Qxa5 Qe4+ 56. Kd6 Qe6+ 57. Kc7 Ne4 58. Qh5+ Kg8 59. Qb5 Nf6 60. Qb8+ Qe8 61. Qb3+ Qf7+ 62. Qxf7+ Kxf7 63. Kd6 Kg6 64. Ke6 Ne4 65.
g4 Nf2 66. g5 Ne4 0-1

[Event "*** Titled Tuesday Blitz"]
[Site "Chess.com"]
[Date "2019.06.04"]
[Round "2"]
[White "GM_dmitrij"]
[Black "MarianPetrov"]
[Result "1/2-1/2"]
[WhiteElo "2816"]
[BlackElo "2606"]
[TimeControl "180+2"]
[EndTime "13:26:37 PDT"]
[Termination "Game drawn - insufficient material"]

1. e4 c5 2. Nc3 Nc6 3. Nf3 e5 4.
Bc4 d6 5. d3 Be7 6. O-O Nf6 7.
Ng5 O-O 8. f4 Bg4 9. Qe1 h6 10.
Nf3 exf4 11. Bxf4 Be6 12. Bxe6 fxe6 13. e5 Nh5 14. exd6 Nxf4 15. dxe7 Qxe7 16. g3 Nd5 17. Qe4 Nxc3 18. bxc3 Rf6 19. Nd2 Raf8 20. Rae1 Rxf1+ 21. Nxf1 Rf6 22. Ne3 Qf7 23. Ng4 Rg6 24. Rf1 Qe8 25.
a4 h5 26. Ne3 Rf6 27. Re1 Qg6 28. Ng2 Qxe4 29. Rxe4 Kf7 30. Nf4 g6 31. h4 e5 32. Nh3 Ke7 33. Kg2 b6 34. Ng5 Kd7 35.
Nf3 Re6 36. Kf2 a6 37. Ke2 b5 38. axb5 axb5 39. g4 hxg4 40. Rxg4 b4 41. Ng5 Rf6 42.
Ne4 Rf4 43. Nxc5+ Kd6 44. Ne4+ Kc7 45. Rxf4 exf4 46. cxb4 Nxb4 47. c3 Nc6 48. d4 Ne7 49. Kf3 Nf5 50. Kg4 f3 51. Nf2 Kd6 52. h5 Ke6 53. hxg6 Ne7 54. g7 Kf7 55. Kxf3 Kxg7 56.
c4 Kf6 57. Ke4 Ke6 58. Nd3 Kd6 59. c5+ Kc6 60. Nb4+ Kb5 61. Nd5 Nc6 62. Ne3 Na5 63. Kd3 Nb7 64. c6 Kxc6 65. Ke4 Nd6+ 66. Ke5 Nf7+ 67.
Ke6 Nd8+ 68. Ke7 Nb7 69. d5+ Kc5 70. Ke6 Nd8+ 71. Ke5 Nc6+ 72. Ke4 Ne7 73. d6 Kxd6 1/2-1/2

[Event "*** Titled Tuesday Blitz"]
[Site "Chess.com"]
[Date "2019.06.04"]
[Round "2"]
[White "joppie2"]
[Black "PaulfromSPb"]
[Result "1/2-1/2"]
[WhiteElo "2894"]
[BlackElo "2663"]
[TimeControl "180+2"]
[EndTime "13:26:41 PDT"]
[Termination "Game drawn by agreement"]

1. d4 Nf6 2. c4 e6 3. Nc3 Bb4 4. e3 O-O 5. Bd3 c5 6. a3 Bxc3+ 7.
bxc3 d5 8. Ne2 Nc6 9. O-O b6 10. a4 Qc7 11. Ba3 Na5 12. cxd5 exd5 13. Nf4 Rd8 14.
Rc1 Bb7 15. f3 Re8 16. Re1 Rad8 17. g4 Nc4 18. Bxc4 dxc4 19. Ng2 Qd7 20. e4 cxd4 21.
cxd4 Qxd4+ 22. Qxd4 Rxd4 23. Bb2 Rd3 24. Ne3 Rc8 25.
Nxc4 Rxf3 26. Nd6 Rxc1 27. Rxc1 Ba6 28. Rc7 h5 29. Rxa7 Bd3 30. Nxf7 Nxe4 31. Ne5 Rf1+ 32. Kg2 Rf2+ 33. Kg1 Rxb2 34. Nxd3 Rb1+ 35. Kg2 hxg4 36. Ne5 Rb2+ 37. Kg1 Ng5 38. Nxg4 Nf3+ 39. Kh1 Kh7 40. Rf7 Nh4 41. h3 Rb4 42. Rb7 Nf5 43. Nf6+ Kg6 44. Nd5 Rxa4 45. Rxb6+ Kg5 46. Kg2 Ra2+ 47.
Kf3 Ra3+ 48. Kg2 Nh4+ 49. Kh2 Ra2+ 50. Kg1 Nf3+ 51. Kf1 Rd2 52. Nc3 Kh4 53. Ne2 Kxh3 54. Rg6 Nh4 55. Rxg7 Nf5 56. Rg5 Nd4 57. Nf4+ Kh4 58.
Rg8 Nf5 59. Ke1 Ra2 60. Ng6+ Kg5 61. Nf4+ Kxf4 62. Rf8 Ke4 63. Re8+ Kf3 64. Rf8 Kf4 65. Kd1 Rf2 66. Kc1 Ke3 67. Kb1 Ke4 68. Re8+ Kd3 69. Rf8 Kc3 70. Rc8+ Kb3 71. Rb8+ Kc4 72. Rc8+ Kd3 73. Rd8+ Nd4 74. Rc8 Nb3 75. Rc3+ Kd4 76.
Rxb3 Rf1+ 77. Ka2 1/2-1/2

[Event "*** Titled Tuesday Blitz"]
[Site "Chess.com"]
[Date "2019.06.04"]
[Round "2"]
[White "Supernotar"]
[Black "Sanan_Sjugirov"]
[Result "0-1"]
[WhiteElo "2543"]
[BlackElo "2856"]
[TimeControl "180+2"]
[EndTime "13:26:54 PDT"]
[Termination "Sanan_Sjugirov won by resignation"]

1. d4 Nf6 2. c4 g6 3. Nc3 d5 4. cxd5 Nxd5 5. e4 Nxc3 6. bxc3 Bg7 7. Nf3 c5 8. Be3 Qa5 9. Qd2 O-O 10. Rc1 Nd7 11. Be2 Nf6 12. Bd3 b6 13. d5 e6 14.
c4 Qxd2+ 15. Kxd2 Ng4 16. Rb1 exd5 17. exd5 Re8 18. Rhe1 Nxe3 19. fxe3 Bh6 20. Re2 Bd7 21. Rbe1 f5 22. Kc3 a6 23. e4 fxe4 24. Rxe4 b5 25. Re7 Bg7+ 26. Kc2 Red8 27. Ne5 Bxe5 28. R1xe5 Rab8 29. h4 b4 30. h5 Ba4+ 31. Kd2 Be8 32. h6 Bf7 33. Bc2 a5 34. Ba4 Rb6 35. Rc7 Kf8 36. Ree7 Rf6 37. Ke3 g5 38. Bc2 Bg8 39. Bxh7 Rxh6 40.
Bxg8 Kxg8 41. Rxc5 Ra6 42. Rcc7 a4 43. Rg7+ Kf8 44. Rcf7+ Ke8 45. Re7+ Kf8 46. Rgf7+ Kg8 47. Rg7+ Kf8 48. Rgf7+ Kg8 49. Kd4 b3 50. axb3 axb3 51.
Rb7 b2 52. Rg7+ Kh8 53. Rxg5 Ra2 54. Rg3 Rf8 55. Kc3 Rf2 56. Rb3 Ra3 57. Rh3+ Kg7 58. Kb4 Ra1 59. Rhg3+ Kf6 60. Rgd3 b1=Q 61. Rxb1 Rxb1+ 62. Kc5 Ke7 63. Kc6 Kd8 64. d6 Rc1 65. c5 Rf5 66.
Rd5 Rxd5 67. Kxd5 Kd7 68. g4 Rd1+ 69. Ke5 Rg1 70. Kf5 Rc1 71. g5 Rxc5+ 72. Kf6 Rc1 73.
g6 Rf1+ 74. Kg5 Kxd6 75. g7 Ke7 76. g8=Q Rg1+ 77. Kf5 Rxg8 78. Kf4 Ke6 79. Ke4 Rg4+ 0-1

[Event "*** Titled Tuesday Blitz"]
[Site "Chess.com"]
[Date "2019.06.04"]
[Round "2"]
[White "RitvarsReimanis"]
[Black "slowdumbb"]
[Result "1/2-1/2"]
[WhiteElo "2646"]
[BlackElo "2374"]
[TimeControl "180+2"]
[EndTime "13:26:59 PDT"]
[Termination "Game drawn by repetition"]

1. c4 Nf6 2. Nc3 d5 3. cxd5 Nxd5 4. d4 g6 5. Nf3 Bg7 6. Qb3 Nxc3 7. bxc3 O-O 8. Bf4 c5 9. e3 cxd4 10. exd4 Nc6 11. Be2 Qb6 12. O-O Be6 13. Qxb6 axb6 14. Bc7 Bxa2 15. Bxb6 Bd5 16. Bc5 Rfe8 17. Rfb1 e5 18. Rxa8 Rxa8 19. dxe5 Nxe5 20. Nxe5 Bxe5 21. c4 Be4 22. Rd1 Bc2 23. Rc1 Be4 24. Be3 Kg7 25. g3 Ra2 26. Bf1 Bb2 27. Rd1 Bc2 28. Rd2 Bc3 29. Bd4+ Bxd4 30. Rxd4 Ra1 31. Kg2 Ba4 32.
Be2 Ra3 33. Bf3 Rb3 34. c5 Be8 35. Rd8 Ba4 36. Ra8 Bd7 37. Ra7 Bc8 38. c6 bxc6 39.
Bxc6 Be6 40. h4 Rc3 41. Bf3 h5 42. Ra5 Kf6 43. Be4 Rc4 44. f3 Rb4 45. Kf2 Rb2+ 46. Ke3 Rb3+ 47. Kf4 Kg7 48. Ra7 Kf6 49. Ra6 Rb5 50.
Ra7 Kg7 51. Rc7 Kf6 52. Rc1 Ra5 53. Bd3 Ra4+ 54. Be4 Ra5 55. Rc7 Kg7 56. Rb7 Kf6 57.
Rb6 Kg7 58. g4 hxg4 59. fxg4 Ra4 60. Rd6 Bxg4 61. Kxg4 Rxe4+ 62. Kg3 Re3+ 63. Kf4 Ra3 64. Kg4 Ra4+ 65. Kg3 Kh6 66. Rd7 f5 67. Rd8 Ra3+ 68. Kf4 Ra4+ 69. Kg3 Rg4+ 70. Kh3 Kg7 71. Rd7+ Kf6 72.
Rd8 Ke5 73. Ra8 Rc4 74. Ra6 Rg4 75. Rb6 Kf4 76. Rb4+ Kf3 77. Rb3+ Kf2 78. Rb2+ Kg1 79. Rb1+ Kf2 80. Rb2+ Ke3 81. Rb3+ Kd2 82. Rb6 Ke3 83. Rb3+ Ke2 84. Rb2+ Kf3 85. Rb3+ Kf2 86. Rb2+ 1/2-1/2

[Event "*** Titled Tuesday Blitz"]
[Site "Chess.com"]
[Date "2019.06.04"]
[Round "2"]
[White "mjray79"]
[Black "ozates"]
[Result "1-0"]
[WhiteElo "2124"]
[BlackElo "2219"]
[TimeControl "180+2"]
[EndTime "13:27:04 PDT"]
[Termination "mjray79 won by checkmate"]

1. d4 Nf6 2. c4 c5 3. d5 b5 4.
cxb5 a6 5. f3 e6 6. e4 c4 7.
Bxc4 axb5 8. Bb3 Bc5 9. Ne2 Qb6 10. Bg5 h6 11. Bh4 Bb7 12. Nbc3 g5 13. Bg3 Nh5 14.
Be5 Bf2+ 15. Kf1 f6 16. Bd4 Bxd4 17. Qxd4 Qxd4 18. Nxd4 b4 19. Ncb5 Ba6 20. dxe6 dxe6 21. Bxe6 Nc6 22. Kf2 Nxd4 23. Nxd4 Nf4 24. Bb3 Nd3+ 25.
Ke3 Nxb2 26. Rhc1 Kd7 27. Be6+ Kd6 28. Rc6+ Ke7 29. Rc7+ Kd6 30. Rd7+ Kc5 31. Rc1+ Kb6 32. Rc6+ Ka5 33. Bb3 Rhd8 34. Rc5+ Kb6 35. Rc6+ Ka5 36.
Rxd8 Rxd8 37. Rxf6 Nc4+ 38. Bxc4 Bxc4 39. Nc6+ Ka4 40.
Nxd8 Bxa2 41. Rxh6 b3 42. Rb6 Ka3 43. Nc6 b2 44. Rxb2 Kxb2 45. Ne7 Kc3 46. Nd5+ Kc4 47. Nf6 Kc5 48. Nh7 g4 49. fxg4 Kd6 50. Ng5 Ke5 51.
Nf3+ Kf6 52. h4 Kg6 53. h5+ Kh6 54. e5 Be6 55. Kf4 Bd7 56. Nd4 Be8 57. e6 Ba4 58. Kf5 Be8 59. Kf6 Ba4 60. Nf5+ Kh7 61. g5 Be8 62. g6+ Kg8 63. h6 Kh8 64. g7+ Kh7 65. Ke7 Bf7 66. exf7 Kg6 67. Nd6 Kh7 68. f8=Q Kg6 69.
Qf6+ Kh7 70. g8=Q+ Kxg8 71. Qg7# 1-0

[Event "*** Titled Tuesday Blitz"]
[Site "Chess.com"]
[Date "2019.06.04"]
[Round "2"]
[White "ChessWarrior7197"]
[Black "Zubrrr"]
[Result "0-1"]
[WhiteElo "2857"]
[BlackElo "2684"]
[TimeControl "180+2"]
[EndTime "13:27:28 PDT"]
[Termination "Zubrrr won by resignation"]

1. d4 d5 2. Nf3 Nf6 3. e3 Bg4 4. b3 e6 5. Bb2 Nbd7 6. Nbd2 c5 7.
Be2 Qc7 8. h3 Bh5 9. O-O Bd6 10.
c4 O-O 11. Rc1 b6 12. cxd5 exd5 13. dxc5 bxc5 14. Nh4 Bxe2 15. Qxe2 Rfe8 16. Nf5 Bh2+ 17. Kh1 Be5 18. Nf3 Bxb2 19. Qxb2 Qb6 20. Rfd1 Qe6 21. Ng3 h6 22. Kg1 a5 23. Ne2 a4 24. Nf4 Qe4 25.
Qc2 axb3 26. axb3 Qxc2 27. Rxc2 Red8 28. Nxd5 Ne4 29. Ne7+ Kf8 30. Nc6 Rdc8 31. Rxd7 Ra1+ 32.
Kh2 Rxc6 33. Ne5 Rf6 34. f3 Ng5 35. Rcd2 g6 36. Rc7 Ne6 37. Rc8+ Kg7 38. Ng4 Rf5 39. e4 Rg5 40. Rd7 Ra2 41. h4 Rh5 42. Kg3 g5 43.
hxg5 Rxg5 44. f4 Rxg2+ 45. Kxg2 Rxg4+ 46. Kf3 Rxf4+ 47. Ke3 Rh4 48. Rb8 Rh3+ 49. Kf2 Rh4 50. Rbb7 Ng5 51. e5 Rf4+ 52. Kg3 Re4 53. Re7 Kg6 54. Rb6+ Kh5 55. Re8 Rg4+ 56. Kf2 Rf4+ 57. Ke3 Re4+ 58. Kd3 Rd4+ 59. Kc3 Ne4+ 60. Kb2 Rd2+ 61.
Kc1 Re2 62. Rh8 Nc3 63. Rbxh6+ Kg5 64. Rh3 Na2+ 65. Kd1 Rxe5 66. R8h5+ Kf6 67. Rf3+ Ke6 68. Rxe5+ Kxe5 69. Rxf7 Kd4 70. Kd2 Nb4 71. Rd7+ Nd5 72. Kc2 c4 73. b4 c3 74. Kb3 c2 75. Kxc2 Kc4 76. b5 Nb6 77. Rc7+ Kxb5 78. Kd3 Nd5 79.
Rc1 Nb4+ 80. Ke4 Na2 81. Rc8 Nb4 82. Rc3 Na2 83. Ra3 Nb4 84. Kd4 Nc2+ 0-1